 Dungeon Crawl Stone Soup version 0.28-a0-1565-g95a8017c83 (webtiles) character file.

Game seed: 14117099570979156266

189991 Anon1729 the Minotaur Blade (level 17, -49/160 (170) HPs)
             Began as a Minotaur Monk on Jan 19, 2022.
             Was the Champion of Ru.
             Blown up by an orb spider (60 damage)
             ... with an orb of destruction
             ... on level 3 of the Spider Nest.
             The game lasted 01:03:00 (47439 turns).

Anon1729 the Minotaur Blade (Minotaur Monk)        Turns: 47439, Time: 01:03:01

HP:   -49/160 (170) AC: 22    Str: 25    XL:     17   Next: 96%
MP:   14/14         EV: 10    Int:  7    God:    Ru [******]
Gold: 1520          SH:  0    Dex: 16    Spells: 16/16 levels left

rFire   + . .      SeeInvis .   a - +0 double sword (freeze)
rCold   + . .      Faith    +   (no shield)
rNeg    + + .      Spirit   .   b - quicksilver dragon scales
rPois   +          Reflect  .   g - +1 hat
rElec   .          Harm     .   H - +0 cloak of the Last Wishes {Will+ Dex+4}
rCorr   +          Rampage  .   E - +1 Delatra's gloves {ID++}
Will    +++..      NoTele   +   (no boots)
Stlth   +.........              O - amulet "Somucacs" {Faith -Tele rPois rF+ rN++}
HPRegen 0.36/turn               I - ring of flight
MPRegen 0.14/turn               c - ring of the Evening {rC+ rCorr}

@: exhausted, flying, studying Unarmed Combat, drained
A: horns 2, low mp 1, inability to use devices, hated by all, inability to train
dodging, no poison magic, no translocations magic, no transmutations magic,
disrupted magic 1, retaliatory headbutt
a: Renounce Religion, Draw Out Power, Power Leap, Apocalypse


You were on level 3 of the Spider Nest.
You worshipped Ru.
Ru was exalted by your worship.
You visited 4 branches of the dungeon, and saw 26 of its levels.
You also visited: Ossuary, Bailey, Gauntlet and Ice Cave.

You collected 3105 gold pieces.
You spent 1585 gold pieces at shops.

Inventory:

Hand Weapons
 a - a +0 double sword of freezing (weapon)
 C - a +2 great sword of flaming
 M - a +5 long sword of holy wrath
 Y - a +2 vampiric long sword
Missiles
 F - 12 curare-tipped darts (quivered)
 P - 2 throwing nets
 T - 61 boomerangs
Armour
 b - quicksilver dragon scales (worn)
 g - a +1 hat (worn)
 k - the +5 kite shield of the Robin {rPois}
   (You took it off a minotaur in a Gauntlet)

   rPois:     It protects you from poison.
 m - a scarf of resistance
 v - the +0 buckler "Jieta" {+Blink Str+4}
   (You bought it in a shop on level 2 of the Orcish Mines)

   Str:       It affects your strength (+4).
   +Blink:    It lets you blink.
 E - the +1 Delatra's gloves (worn) {ID++}
   (You bought it in a shop on level 2 of the Dungeon)

   It heals its wearer when they drink unknown potions.
   It restores its wearer's MP when they read unknown scrolls.
 H - the +0 cloak of the Last Wishes (worn) {Will+ Dex+4}
   (You found it on level 9 of the Dungeon)

   Dex:       It affects your dexterity (+4).
   Will:      It increases your willpower.
 W - a +1 chain mail of cold resistance
Jewellery
 c - the ring of the Evening (right hand) {rC+ rCorr}
   (You found it in a Gauntlet)

   [ring of resist corrosion]

   rC:        It protects you from cold.
   rCorr:     It protects you from acid and corrosion.
 j - a ring of poison resistance
 r - a ring of protection from fire
 x - a ring of positive energy
 B - the ring "Enim Udo" {Fire rElec rCorr Dex-2 SInv}
   (You found it on level 6 of the Dungeon)

   [ring of fire]

   It enhances your fire magic.
   Dex:       It affects your dexterity (-2).
   rF:        It protects you from fire.
   rC:        It makes you vulnerable to cold.
   rElec:     It insulates you from electricity.
   SInv:      It lets you see invisible.
   rCorr:     It protects you from acid and corrosion.
 I - a ring of flight (left hand)
 J - a ring of protection from fire
 K - an amulet of regeneration
 O - the amulet "Somucacs" (around neck) {Faith -Tele rPois rF+ rN++}
   (You found it in a Gauntlet)

   [amulet of faith]

   It allows you to gain divine favour quickly.
   rF:        It protects you from fire.
   rPois:     It protects you from poison.
   rN:        It greatly protects you from negative energy.
   -Tele:     It prevents most forms of teleportation.
 Z - the ring "Ycifoth" {Wiz rPois rN++ MP+9 Str-4}
   (You found it in a Gauntlet)

   [ring of wizardry]

   It improves your spell success rate.
   Str:       It affects your strength (-4).
   rPois:     It protects you from poison.
   rN:        It greatly protects you from negative energy.
   MP:        It affects your magic capacity (+9).
Scrolls
 d - 11 scrolls of teleportation
 h - 9 scrolls of fog
 i - 4 scrolls of vulnerability
 s - 2 scrolls of brand weapon
 t - 5 scrolls of identify
 u - 6 scrolls of blinking
 w - 7 scrolls of enchant armour
 y - 3 scrolls of holy word
 z - 5 scrolls of immolation
 G - 7 scrolls of fear
 R - 3 scrolls of enchant weapon
 S - 2 scrolls of silence
 X - a scroll of magic mapping
Potions
 e - 3 potions of flight
 f - 12 potions of curing
 l - 3 potions of cancellation
 n - 2 potions of might
 o - 3 potions of lignification
 p - a potion of resistance
 q - 7 potions of mutation
 A - 4 potions of invisibility
 D - 3 potions of berserk rage
 L - 3 potions of attraction
 N - 6 potions of haste
 Q - 5 potions of brilliance
 U - 2 potions of heal wounds
 V - 3 potions of ambrosia


   Skills:
 + Level 19.8 Fighting
 * Level 25.1 Long Blades
 + Level 18.6 Armour
 - Level 2.0 Stealth


You had 16 spell levels left.
You didn't know any spells.
Your spell library contained the following spells:

 Spells                   Type           Power      Damage    Failure   Level
 Sandblast                Erth           0%         2d4       61%         1
 Shock                    Conj/Air       0%         1d3       61%         1
 Corpse Rot               Necr/Air       0%         N/A       73%         2
 Static Discharge         Conj/Air       0%         N/A       73%         2
 Ozocubu's Armour         Ice            0%         N/A       91%         3
 Stone Arrow              Conj/Erth      0%         3d7       91%         3
 Swiftness                Air            0%         N/A       91%         3
 Airstrike                Air            0%         N/A       100%        4
 Dispel Undead            Necr           0%         3d6       100%        4
 Fulminant Prism          Conj/Hex       0%         3d6       100%        4
 Leda's Liquefaction      Hex/Erth       0%         N/A       100%        4
 Sticky Flame             Conj/Fire      0%         2d3       100%        4
 Borgnjor's Vile Clutch   Necr/Erth      0%         N/A       100%        5
 Lee's Rapid Deconstruct  Erth           0%         3d5*      100%        5
 Ozocubu's Refrigeration  Ice            0%         4d5       100%        7
 Borgnjor's Revivificati  Necr           0%         N/A       100%        8
 Chain Lightning          Conj/Air       0%         N/A       100%        9
 Death's Door             Necr           0%         N/A       100%        9
 Fire Storm               Conj/Fire      0%         5d1       100%        9
 Shatter                  Erth           0%         3d5*      100%        9
 Passwall                 Tmut/Erth      Unusable   N/A       N/A         2
 Animate Dead             Necr           Unusable   N/A       N/A         4
 Iskenderun's Mystic Bla  Conj/Tloc      Unusable   2d3       N/A         4
 Death Channel            Necr           Unusable   N/A       N/A         6
 Statue Form              Tmut/Erth      Unusable   N/A       N/A         6
 Necromutation            Tmut/Necr      Unusable   N/A       N/A         8

Dungeon Overview and Level Annotations

Branches:
Dungeon (15/15)            Temple (0/1) D:7            Lair (6/6) D:10
 Shoals (0/4) Lair:3       Spider (3/4) Lair:2        Slime (0/5) Lair:6
    Orc (2/2) D:10            Elf (0/3) Orc:2        Vaults (0/5) D:14
 Depths (0/4) D:15        Ossuary (visited)          Bailey (visited)
  IceCv (visited)         Gauntlet (visited)

Altars:
Ashenzari
Cheibriados
Fedhas
Hepliaklqana
Makhleb
Qazlal
Ru
Sif Muna
Wu Jian
Xom
Yredelemnul
Zin
The Shining One
Beogh

Shops:
D:2 [?:[   D:13 ?   Orc:2 [(*[

Annotations:
D:11 1 runed translucent door


Innate Abilities, Weirdness & Mutations

You have a pair of horns on your head.
Your magical capacity is low. (-10% MP)
You cannot study or use magical devices.
You are hated by all.
You cannot train Dodging skill.
You cannot study or cast Poison magic.
You cannot study or cast Translocations magic.
You cannot study or cast Transmutations magic.
Your casting is slightly disrupted.
You reflexively headbutt those who attack you in melee.


Message History

You hit the redback simulacrum.
The redback simulacrum is moderately damaged.
The orb of destruction hits you!!! x2
* * * LOW HITPOINT WARNING * * *
The redback simulacrum barely misses you.
You furiously retaliate!
You headbutt the redback simulacrum!
You redirect the orb spider's attack!
The orb spider pulsates with a strange energy.
You are too injured to fight recklessly!
You are too injured to fight recklessly!
You are too injured to fight recklessly!
There are monsters nearby!
There are monsters nearby!
You are restored by drawing out deep reserves of power within.
You feel drained.
The orb spider begins to weave its threads into a brightly glowing ball.
The redback simulacrum barely misses you.
You hit the redback simulacrum.
The redback simulacrum is severely damaged.
The redback simulacrum bites you. The redback simulacrum freezes you!
You resist.
You slash the redback simulacrum!
The redback simulacrum is almost destroyed.
The orb spider begins to attack, but is stunned by your conviction!
The redback simulacrum closely misses you.
You slice the redback simulacrum!!
The redback simulacrum vaporises!
The orb spider weaves a glowing orb of energy.
An orb of destruction comes into view.
You feel better. The orb of destruction hits you!!!
* * * LOW HITPOINT WARNING * * *
The orb spider weaves a glowing orb of energy.
The orb spider spins a strand of pure energy.
An orb of destruction comes into view.
Okay, then.
Unknown command.
Unknown command.
The orb of destruction hits you!!!
You die...

##≈≈^. ..
..# #≈≈##.
.. #..
###≈..
###.#####..
##≈≈≈#.
##^#.......
#≈≈≈≈≈.
#.........#
####.##
##....##..#
#^.#.
#....s##s.#
###...
#...@○○.°#
#≈....
##[..##...#
##..##
#....##...#
####.
##........#
#.^.
##..##....#
##..
#...#.....#
##.
##....^...#
###.
##...##...#
##.##
#....##...#
### #..#.


You could see 2 orb spiders.

Vanquished Creatures
  Saint Roka (Orc:2)
  Jorgrun (Spider:1)
  Gastronok (D:8)
  2 orc warlords
  An emperor scorpion (Spider:2)
  A broodmother (Spider:2)
  A dire elephant (D:15)
  A minotaur (Gauntlet)
  A spark wasp (Spider:2)
  4 entropy weavers
  The ghost of Hasart the Martial Artist, a journeyman OpTm of Gozag (Lair:5)
  A fire dragon (D:10)
  A great orb of eyes (Gauntlet)
  Fannar (D:11)
  12 hydras
  An ice dragon (Lair:6)
  4 vault guards (D:14)
  5 boulder beetles
  A catoblepas (D:13)
  An ogre mage (D:14)
  A merfolk aquamancer (D:14)
  5 two-headed ogres
  4 centaur warriors
  6 death yaks
  A tengu warrior (D:13)
  Sonja (D:11)
  A soul eater (Gauntlet)
  A deep elf knight (D:14)
  3 pharaoh ants
  A steelbarb worm (Spider:3)
  6 skeletal warriors
  A sun moth (Spider:3)
  A deep troll (D:10)
  2 wizards (D:14)
  6 orb spiders
  Pikel (D:4)
  A necromancer (IceCv)
  2 lindwurms
  3 orc knights
  2 oklob plants (Lair:5)
  7 ugly things
  5 wolf spiders
  The ghost of Edwards80 the Covert, a novice SpMo of Dithmenos (D:6)
  A salamander (D:15)
  4 orc sorcerers (Orc:2)
  5 cyclopes
  2 moths of wrath (Spider:2)
  2 manticores
  9 elephants
  A merfolk siren (Lair:3)
  A salamander (shapeshifter) (D:14)
  4 black mambas
  2 ice statues
  8 torpor snails
  2 water nymphs (D:14)
  Maurice (D:11)
  A gargoyle (D:14)
  3 demonic crawlers
  17 cane toads
  Psyche (D:8)
  2 anaconda simulacra (IceCv)
  A minotaur zombie (Gauntlet)
  A tengu conjurer (D:14)
  5 freezing wraiths (IceCv)
  5 rime drakes
  An entropy weaver simulacrum (IceCv)
  12 ice devils (IceCv)
  A yaktaur (D:14)
  5 komodo dragons
  A meliai (shapeshifter) (D:13)
  15 meliai
  A queen bee (D:13)
  4 tyrant leeches
  8 hornets
  6 trolls
  10 polar bears
  A raiju (shapeshifter) (D:13)
  A raiju (Lair:6)
  7 dream sheep
  11 tarantellas
  14 blink frogs
  5 slime creatures
  Sigmund (D:2)
  15 jumping spiders
  15 culicivoras
  7 shadows
  62 yaks
  A spriggan (shapeshifter) (D:15)
  5 wyverns
  2 basilisks
  A vampire (D:10)
  A wraith (D:12)
  37 redbacks
  A steam dragon (D:8)
  8 vampire mosquitoes
  4 death yak simulacra (IceCv)
  7 wargs
  A harpy simulacrum (IceCv)
  16 hell hounds (Lair:6)
  2 acid dragons
  12 water moccasins
  11 black bears (Lair:6)
  2 ice beasts
  40 orc warriors
  2 necrophages
  A sky beast (D:8)
  26 wolves
  3 ogres
  7 centaurs
  5 kobold brigands
  12 bullfrogs
  2 two-headed ogre simulacra (IceCv)
  5 cane toad simulacra (IceCv)
  8 scorpions
  A hornet simulacrum (D:6)
  40 killer bees
  3 elephant simulacra (IceCv)
  4 electric eels
  5 howler monkeys
  3 lava snakes (Lair:6)
  11 centaur zombies
  2 bullfrog zombies (D:6)
  4 jellies
  26 orc priests
  A bullfrog skeleton (D:5)
  2 centaur skeletons
  3 hounds
  2 gnoll shamans
  An iguana (shapeshifter) (D:15)
  Ijyb (D:3)
  An iguana (D:5)
  26 orc wizards
  2 spriggan simulacra (IceCv)
  A troll simulacrum (IceCv)
  3 polar bear simulacra (IceCv)
  5 wolf simulacra (IceCv)
  A killer bee zombie (D:7)
  A hound zombie (D:5)
  A killer bee simulacrum (D:6)
  11 mummies (Ossuary)
  32 gnolls
  6 adders
  4 shadow imps (Gauntlet)
  4 white imps (D:6)
  2 ufetubi
  An adder skeleton (D:5)
  4 worms
  4 dart slugs
  93 orcs
  8 bats
  7 endoplasms
  5 giant cockroaches
  14 goblins
  12 hobgoblins
  17 jackals
  39 kobolds
  2 quokkas
  4 ball pythons
  4 frilled lizards
  4 goblin skeletons (Ossuary)
  2 kobold skeletons (Ossuary)
  2 orc skeletons (Ossuary)
  4 rats
  11 rat skeletons (Ossuary)
  2 spectral orcs
1055 creatures vanquished.

Vanquished Creatures (others)
  An emperor scorpion (Spider:2)
  2 hydras
  A vault guard (D:14)
  Urug (D:10)
  A wolf spider (Spider:2)
  2 redbacks (Spider:2)
  An orc wizard (Orc:2)
  4 orcs
  46 fungi
  67 plants
126 creatures vanquished.

Grand Total: 1181 creatures vanquished

Notes
Turn   | Place    | Note
-------+----------+-------------------------------------------
     0 | D:1      | Anon1729 the Minotaur Monk began the quest for the Orb.
     0 | D:1      | Reached XP level 1. HP: 19/19 MP: 0/0
   217 | D:1      | Reached XP level 2. HP: 27/27 MP: 1/1
   583 | D:1      | Reached skill level 1 in Armour
   707 | D:1      | Reached skill level 4 in Long Blades
  1148 | D:2      | Reached XP level 3. HP: 29/33 MP: 2/2
  1282 | D:2      | Found Xaukkyets's Armour Emporium.
  1339 | D:2      | Found Gocevuk's Book Emporium.
  1486 | D:1      | Reached XP level 4. HP: 35/40 MP: 3/3
  1769 | D:2      | Noticed Sigmund
  1776 | D:2      | Killed Sigmund
  1777 | D:2      | Reached skill level 5 in Long Blades
  1777 | D:2      | Reached XP level 5. HP: 34/47 MP: 4/4
  2016 | D:2      | Found Ziegal's Magic Scroll Shop.
  2028 | D:2      | Bought a scroll of teleportation for 39 gold pieces
  2057 | D:2      | Found Iwux Enn's Armour Shoppe.
  2177 | D:3      | Reached XP level 6. HP: 50/55 MP: 5/5
  2214 | D:3      | Noticed Ijyb
  2217 | D:3      | Killed Ijyb
  2218 | D:3      | Reached skill level 5 in Fighting
  2218 | D:3      | Reached skill level 6 in Long Blades
  2301 | D:3      | Found a shimmering blue altar of Sif Muna.
  2301 | D:3      | Found a stormy altar of Qazlal.
  2493 | D:3      | Found a transporter.
  2497 | D:3      | Found a transporter.
  2507 | D:3      | Found a glowing silver altar of Zin.
  2507 | D:3      | Found a sacrificial altar of Ru.
  2508 | D:3      | Found a glowing golden altar of the Shining One.
  3113 | D:3      | Reached XP level 7. HP: 57/61 MP: 6/6
  3138 | D:3      | Reached skill level 7 in Long Blades
  4533 | D:4      | Reached skill level 8 in Long Blades
  4796 | D:4      | Noticed Pikel
  4855 | D:3      | Reached skill level 5 in Armour
  4906 | D:4      | Killed Pikel
  4907 | D:4      | Reached skill level 9 in Long Blades
  4907 | D:4      | Reached XP level 8. HP: 31/73 MP: 7/7
  5610 | D:4      | Found a hazy altar of Hepliaklqana.
  5674 | D:5      | Entered Level 5 of the Dungeon
  6143 | D:5      | Reached skill level 10 in Long Blades
  6547 | D:2      | Bought the +1 Delatra's gloves {ID++} for 100 gold pieces
  6547 | D:2      | Found the +1 Delatra's gloves {ID++}
  7160 | D:3      | Became a worshipper of Ru the Awakened
  7179 | D:3      | Gained mutation: You cannot train Dodging skill. [Ru
                  | sacrifice]
  7179 | D:3      | Reached * piety under Ru
  7283 | D:2      | Bought a scroll of blinking for 97 gold pieces
  7283 | D:2      | Bought a scroll of identify for 26 gold pieces
  7423 | D:6      | Reached XP level 9. HP: 74/81 MP: 8/8
  7947 | D:6      | Found a blossoming altar of Fedhas.
  7965 | D:6      | Noticed a troll
  8231 | D:5      | Killed a troll
  8232 | D:5      | Reached skill level 11 in Long Blades
  8518 | D:6      | Found a runed translucent gate.
  8519 | D:6      | Found a runed translucent gate.
  8520 | D:6      | Found a runed translucent gate.
  8799 | D:6      | Noticed Edwards80's ghost (novice SpMo)
  9231 | D:7      | Found a staircase to the Ecumenical Temple.
  9857 | D:8      | Noticed Gastronok
  9888 | D:8      | Found a shimmering altar of Xom.
  9932 | D:8      | Found a sand-covered staircase.
  9938 | Ossuary  | Entered an ossuary
 10276 | Ossuary  | Reached skill level 12 in Long Blades
 10433 | D:8      | Gained mutation: You are hated by all. [Ru sacrifice]
 10433 | D:8      | Reached ** piety under Ru
 10433 | D:8      | Reached *** piety under Ru
 10700 | D:8      | Found a broken altar of Ashenzari.
 10739 | D:8      | Killed Gastronok
 10740 | D:8      | Reached XP level 10. HP: 48/91 MP: 9/9
 10757 | D:8      | Noticed Psyche
 10999 | D:8      | Killed Psyche
 11000 | D:8      | Reached skill level 13 in Long Blades
 11471 | D:8      | Reached skill level 10 in Fighting
 11914 | D:8      | Reached skill level 14 in Long Blades
 12325 | D:9      | Found a flagged portal.
 12407 | Bailey   | Entered a bailey
 12433 | Bailey   | Noticed an orc warlord
 12499 | Bailey   | Noticed an orc knight
 13076 | Bailey   | Killed an orc knight
 13077 | Bailey   | Reached skill level 10 in Armour
 13077 | Bailey   | Reached XP level 11. HP: 76/101 MP: 10/10
 13230 | Bailey   | Found a runed translucent gate.
 13231 | Bailey   | Found a runed translucent gate.
 13232 | Bailey   | Found a runed translucent gate.
 13474 | Bailey   | Killed an orc warlord
 13600 | D:9      | Noticed a centaur warrior
 13623 | D:9      | Killed a centaur warrior
 13992 | D:9      | Reached skill level 15 in Long Blades
 14429 | D:6      | Killed Edwards80's ghost
 14463 | D:6      | Got the ring "Enim Udo" {Fire rElec rCorr Dex-2 SInv}
 14469 | D:6      | Reached skill level 16 in Long Blades
 14469 | D:6      | Reached XP level 12. HP: 113/113 MP: 11/11
 14808 | D:9      | Identified the +0 cloak of the Last Wishes {Will+ Dex+4}
 15123 | D:9      | Gained mutation: You cannot study or use magical devices.
                  | [Ru sacrifice]
 15123 | D:9      | Reached **** piety under Ru
 15123 | D:9      | Reached ***** piety under Ru
 15173 | D:10     | Entered Level 10 of the Dungeon
 15299 | D:10     | Found a burning altar of Makhleb.
 15337 | D:10     | Found an ornate altar of the Wu Jian Council.
 15427 | D:10     | Noticed a two-headed ogre
 15444 | D:10     | Killed a two-headed ogre
 15826 | D:10     | Noticed a fire dragon
 15849 | D:10     | Killed a fire dragon
 16205 | D:10     | Noticed a two-headed ogre
 16218 | D:10     | Killed a two-headed ogre
 16543 | D:10     | Reached skill level 17 in Long Blades
 16617 | D:10     | Found a staircase to the Lair.
 16665 | D:10     | Noticed Urug
 16689 | D:10     | Killed Urug
 16708 | D:10     | Noticed a two-headed ogre
 16719 | Lair:1   | Entered Level 1 of the Lair of Beasts
 16719 | Lair:1   | Noticed a seven-headed hydra
 16769 | Lair:1   | Killed a five-headed hydra
 17866 | D:10     | Killed a two-headed ogre
 17867 | D:10     | Reached XP level 13. HP: 65/123 MP: 12/12
 18508 | Lair:2   | Reached skill level 18 in Long Blades
 18661 | Lair:2   | Found a hole to the Spider Nest.
 18785 | Lair:2   | Gained mutation: You cannot study or cast Poison magic. [Ru
                  | sacrifice]
 18785 | Lair:2   | Gained mutation: You cannot study or cast Transmutations
                  | magic. [Ru sacrifice]
 18785 | Lair:2   | Gained mutation: You cannot study or cast Translocations
                  | magic. [Ru sacrifice]
 19515 | Lair:3   | Found a staircase to the Shoals.
 21670 | Lair:4   | Reached skill level 19 in Long Blades
 22305 | Lair:5   | Found a runed translucent gate.
 22305 | Lair:5   | Found a runed translucent gate.
 22305 | Lair:5   | Found a runed translucent gate.
 22307 | Lair:5   | Noticed Hasart's ghost (journeyman OpTm)
 22509 | Lair:5   | Reached skill level 15 in Fighting
 22882 | Lair:4   | Reached XP level 14. HP: 69/135 MP: 13/13
 24056 | Lair:5   | Killed Hasart's ghost
 24057 | Lair:5   | Reached skill level 20 in Long Blades
 24206 | Lair:6   | Entered Level 6 of the Lair of Beasts
 24303 | Lair:6   | Reached skill level 15 in Armour
 24331 | Lair:6   | Found a staircase to the Slime Pits.
 24394 | Lair:6   | Found a frozen archway.
 24406 | IceCv    | Entered an ice cave
 25042 | IceCv    | Found an ancient bone altar of Kikubaaqudgha.
 26847 | Lair:6   | Reached skill level 21 in Long Blades
 27179 | Lair:6   | Paralysed by a hornet for 2 turns
 28439 | Lair:6   | Reached XP level 15. HP: 60/145 MP: 14/14
 29862 | Lair:6   | Found a runed translucent door.
 29879 | Lair:6   | Reached skill level 22 in Long Blades
 30603 | D:10     | Found a snail-covered altar of Cheibriados.
 30623 | D:10     | Found a staircase to the Orcish Mines.
 30807 | D:10     | Gained mutation: Your casting is slightly disrupted. [Ru
                  | sacrifice]
 31416 | D:11     | Noticed Maurice
 31419 | D:11     | Noticed Sonja
 31441 | D:11     | Killed Sonja
 31448 | D:11     | Killed Maurice
 32348 | D:11     | Noticed Fannar
 32360 | D:11     | Killed Fannar
 32471 | D:11     | Found a runed translucent door.
 32473 | D:11     | Found a runed translucent door.
 33877 | D:13     | Found Wihaham's Magic Scroll Boutique.
 33889 | D:13     | Bought a scroll of blinking for 82 gold pieces
 33889 | D:13     | Bought a scroll of blinking for 82 gold pieces
 33889 | D:13     | Bought a scroll of teleportation for 33 gold pieces
 33889 | D:13     | Bought a scroll of enchant weapon for 82 gold pieces
 33889 | D:13     | Bought 3 scrolls of identify for 66 gold pieces
 33897 | D:13     | Bought a scroll of identify for 22 gold pieces
 33897 | D:13     | Bought a scroll of identify for 22 gold pieces
 33897 | D:13     | Bought a scroll of identify for 22 gold pieces
 35890 | D:14     | Reached skill level 23 in Long Blades
 35930 | D:14     | Found a gate to the Vaults.
 36249 | D:14     | Found a sacrificial altar of Ru.
 36820 | D:15     | Entered Level 15 of the Dungeon
 36910 | D:15     | Reached XP level 16. HP: 139/157 MP: 15/15
 37052 | D:15     | Got the Tome of Ashen Heat
 37142 | D:15     | Found a staircase to the Depths.
 38957 | Orc:1    | Entered Level 1 of the Orcish Mines
 39096 | Orc:1    | You are sucked into a shaft and drop 1 floor!
 39096 | Orc:2    | Entered Level 2 of the Orcish Mines
 39698 | Orc:2    | Found a gate leading to a gauntlet.
 39710 | Gauntlet | Entered a Gauntlet
 39710 | Gauntlet | Found a transporter.
 39710 | Gauntlet | Found a transporter.
 39710 | Gauntlet | Found a runed translucent gate.
 39716 | Gauntlet | Found a transporter.
 39733 | Gauntlet | Found a transporter.
 39749 | Gauntlet | Found a transporter.
 39749 | Gauntlet | Found a transporter.
 39752 | Gauntlet | Found a transporter.
 39752 | Gauntlet | Found a transporter.
 39752 | Gauntlet | Found a transporter.
 39764 | Gauntlet | Found a transporter.
 39782 | Gauntlet | Found a transporter.
 39792 | Gauntlet | Found a transporter.
 39808 | Gauntlet | Found a transporter.
 39828 | Gauntlet | Found a transporter.
 39835 | Gauntlet | Found a runed translucent gate.
 39835 | Gauntlet | Found a runed translucent gate.
 39903 | Gauntlet | Identified the amulet "Somucacs" {Faith -Tele rPois rF+
                  | rN++}
 39955 | Gauntlet | Reached XP level 17. HP: 166/166 MP: 16/16
 39992 | Gauntlet | Identified the ring "Ycifoth" {Wiz rPois rN++ MP+9 Str-4}
 39993 | Gauntlet | Identified the ring of the Evening {rC+ rCorr}
 40025 | Gauntlet | Identified the +5 kite shield of the Robin {rPois}
 40040 | Gauntlet | Identified the +1 scimitar of Luxury {flame, rElec rN+
                  | Dex-5}
 40040 | Gauntlet | Identified the +6 flail of Inflation {vorpal, Fly Str+3}
 40518 | Orc:2    | Found Giusats's General Store.
 40849 | Orc:2    | Noticed Saint Roka
 40856 | Orc:2    | Reached skill level 24 in Long Blades
 41508 | Orc:2    | Killed Saint Roka
 41783 | Orc:2    | Found a staircase to the Elven Halls.
 42003 | Orc:2    | Gained mutation: Your magical capacity is low. (-10% MP)
                  | [Ru sacrifice]
 42003 | Orc:2    | Reached ****** piety under Ru
 42038 | Orc:2    | Found Feptiem's Antique Armour Emporium.
 42041 | Orc:2    | Found Rausujiq's Antique Weapon Shoppe.
 42049 | Orc:2    | Bought a pair of slimy gloves for 351 gold pieces
 42049 | Orc:2    | Identified the +0 pair of gloves of an ossuary {-Cast
                  | Rampage Fly Int-4} (You bought it in a shop on level 2 of
                  | the Orcish Mines)
 42049 | Orc:2    | Bought a diamond-studded scale mail for 333 gold pieces
 42049 | Orc:2    | Identified the +1 scale mail "Xouled" {Rampage Fly Int-3}
                  | (You bought it in a shop on level 2 of the Orcish Mines)
 42222 | Orc:2    | Found Duugryrgh's Antique Armour Emporium.
 42227 | Orc:2    | Bought a spiked buckler for 228 gold pieces
 42227 | Orc:2    | Identified the +0 buckler "Jieta" {+Blink Str+4} (You
                  | bought it in a shop on level 2 of the Orcish Mines)
 42527 | Spider:1 | Entered Level 1 of the Spider Nest
 42940 | Spider:1 | Noticed Jorgrun
 42945 | Spider:1 | Killed Jorgrun
 46621 | Spider:3 | Reached skill level 25 in Long Blades
 47439 | Spider:3 | Blown up by an orb spider

Illustrated notes

Levels and vault maps discovered:
D:1:      eino_arrival_cavern_d, layout_basic
D:2:      layout_rooms, serial_shops, nicolae_lakefront_shop,
          nicolae_shop_hallway_stairs, nicolae_shop_hallway_stairs,
          nicolae_shop_statue_plus, uniq_sigmund
D:3:      lemuel_castle_with_subvaults [lemuel_castle_interior_carwin_3],
          layout_basic, mainiacjoe_overflow_catwalk_spiral,
          gammafunk_temple_overflow_arena, cheibrodos_sewer_entry_bend,
          minmay_crystal_water, kennysheep_generic_room_15, uniq_ijyb
D:4:      layout_basic, nicolae_hepliaklqana_monster_ancestors, uniq_pikel
D:5:      layout_loops_ring, kennysheep_small_circle
D:6:      layout_cave_pools, mainiacjoe_overflow_alcove_4, gammafunk_ghost_icy,
          minmay_misc_feat_encased
D:7:      cheibrodos_quashed, layout_basic, minmay_temple_entry_tees,
          interstate_on_off
D:8:      layout_rooms, nicolae_overflow_crystal_walls,
          yredelemnul_forgotten_temple_becter, kennysheep_little_box,
          nicolae_ossuary_entry_plus, uniq_gastronok, uniq_psyche
D:9:      layout_basic, enter_bailey_5, kennysheep_generic_room_2
D:10:     nzn_winding_woodlands_cross [nzn_winding_woodlands_5x15_lazy_stream,
          nzn_winding_woodlands_5x15_jagged, nzn_winding_woodlands_5x15_default,
          nzn_winding_woodlands_5x15_cabin,
          nzn_winding_woodlands_15x15_boxy_spiral], layout_layer_cave,
          mainiacjoe_overflow_boulevard, kennysheep_mini,
          mainiacjoe_overflow_catwalk, lair_entry_dummy, uniq_urug
D:11:     lemuel_insect_pit, layout_loops_cross, grunt_ministairs_10,
          fedhas_altar_fruit_tree, uniq_fannar, uniq_maurice, uniq_sonja
D:12:     layout_grid_maze, corner_web_ring
D:13:     layout_loops_cross, serial_shops, nicolae_lakefront_shop, special_room
          [special_room_bee]
D:14:     layout_irregular_city, grunt_vaults_entry_fortified,
          nicolae_ru_path_of_blood, minivault_16, nicolae_splish_splash
D:15:     hangedman_depths_entry_try_elsewhere_first, layout_layer_cave
Lair:1:   layout_regular_city
Lair:2:   layout_regular_city, spider_nest_entry_a
Lair:3:   layout_layer_cave, minmay_shoals_entry_lonely_mermaid,
          grunt_megastairs_2, infiniplex_staircase_pool_2
Lair:4:   layout_roguey, minivault_25
Lair:5:   layout_regular_city, ebering_ghost_rock_garden
Lair:6:   wormcave, layout_loops_ring, hangedman_lair_caniforms_friends,
          minmay_slime_entry_pillars, portal_ice_cave_rime,
          nicolae_lair_liquid_snakes, serial_bayou_shore_b
Spider:1: layout_spider_delve, uniq_jorgrun
Spider:2: layout_spider_delve
Spider:3: layout_spider_delve, drop_trap, hangedman_spider_tarantella_strand
Orc:1:    layout_diamond_mine, mines2_david
Orc:2:    grunt_orc_community_town_hall, layout_diamond_mine,
          grunt_orc_community_big_house_2, grunt_orc_community_big_house_1,
          grunt_orc_community_house_3, grunt_orc_community_house_2,
          grunt_orc_community_house_1, grunt_orc_community_house_3,
          gauntlet_entry_generic, uniq_saint_roka

Skill      XL: |  1  2  3  4  5  6  7  8  9 10 11 12 13 14 15 16 17 |
---------------+----------------------------------------------------+-----
Armour         | 1 3 5 6 8 10 12 13 14 16 17 18 | 18.6
Long Blades    | 4 5 6 9 10 12 14 16 17 19 21 23 25 | 25.1
Fighting       | 4 5 7 9 10 12 13 15 16 17 18 19 | 19.8
Stealth        | 2 |  2.0
Dodging        | 4 0 |  0.0

Action                   |  1- 3 |  4- 6 |  7- 9 | 10-12 | 13-15 | 16-18 || total
-------------------------+-------+-------+-------+-------+-------+-------++-------
Melee: Short sword       |    85 |    98 |   541 |   325 |       |       ||  1049
       Falchion          |     2 |       |       |   226 |       |       ||   228
       Headbutt          |     8 |    14 |   118 |   128 |   275 |   154 ||   697
       Punch             |     2 |     3 |     9 |    12 |       |     1 ||    27
       Unarmed           |       |     3 |       |    12 |       |       ||    15
       Great sword       |       |       |       |    53 |  1228 |   521 ||  1802
       Long sword        |       |       |       |       |       |    64 ||    64
       Double sword      |       |       |       |       |       |   105 ||   105
Throw: Throwing net      |       |       |     4 |     3 |       |       ||     7
       Dart              |       |       |     3 |     9 |     3 |       ||    15
Invok: Sacrifice Nimblen |       |       |     1 |       |       |       ||     1
       Sacrifice Love    |       |       |     1 |       |       |       ||     1
       Sacrifice Artific |       |       |       |     1 |       |       ||     1
       Reject Sacrifices |       |       |       |       |     2 |       ||     2
       Draw Out Power    |       |       |       |       |     1 |     3 ||     4
       Sacrifice Arcana  |       |       |       |       |     1 |       ||     1
       Sacrifice Essence |       |       |       |       |     1 |     1 ||     2
Evoke: Wand              |       |     3 |     2 |       |       |       ||     5
  Use: Scroll            |       |       |     8 |     2 |    14 |     1 ||    25
       Potion            |       |       |     2 |     1 |     2 |     5 ||    10
 Stab: Sleeping          |     2 |     1 |     5 |       |       |     3 ||    11
       Held in net/web   |       |       |       |     6 |       |       ||     6
       Invisible         |       |       |       |     9 |    13 |    15 ||    37
       Distracted        |       |       |       |     1 |     9 |     6 ||    16
       Paralysed         |       |       |       |       |     7 |     3 ||    10
Armor: Robe              |    27 |     7 |    21 |       |       |       ||    55
       Plate armour      |       |       |   113 |   123 |       |       ||   236
       Skin              |       |       |       |     2 |       |       ||     2
       Chain mail        |       |       |       |   117 |   584 |    91 ||   792
       Quicksilver drago |       |       |       |       |       |   249 ||   249
Dodge: Dodged            |    61 |    71 |   197 |   137 |   362 |   243 ||  1071
Block: Other             |       |       |    73 |    73 |   171 |    29 ||   346
       Reflection        |       |       |     2 |     6 |     1 |     2 ||    11

Table legend: (Time is in decaauts)
 A = Elapsed time spent in this place.
 B = Non-inter-level travel time spent in this place.
 C = Inter-level travel time spent in this place.
 D = Time resting spent in this place.
 E = Time spent auto-exploring this place.
 F = Levels seen in this place.
 G = Mean time per level.
                   A        B        C        D        E       F      G
               +--------+--------+--------+--------+--------+-----+--------+
         Total |  46724 |  44937 |   1787 |   8752 |  29325 |  30 | 1557.5 |
       Dungeon |  23289 |  22121 |   1168 |   2440 |  16229 |  15 | 1552.6 |
          Lair |  11629 |  11159 |    470 |   2891 |   6942 |   6 | 1938.2 |
   Spider Nest |   4825 |   4733 |     92 |    678 |   3499 |   3 | 1608.3 |
  Orcish Mines |   2766 |   2710 |     56 |    758 |   1432 |   2 | 1383.0 |
       Ossuary |    456 |    456 |      0 |      0 |    310 |   1 |  456.0 |
        Bailey |   1109 |   1109 |      0 |    443 |    372 |   1 | 1109.0 |
      Ice Cave |   2029 |   2029 |      0 |   1285 |    408 |   1 | 2029.0 |
      Gauntlet |    617 |    617 |      0 |    256 |    132 |   1 |  617.0 |
               +--------+--------+--------+--------+--------+-----+--------+

Top non-repeatable levels by time:
     D:3: 2896 daAuts
  Lair:6: 2831 daAuts
    D:10: 2447 daAuts
Spider:2: 2443 daAuts
  Lair:5: 2390 daAuts
    D:15: 2032 daAuts
   IceCv: 2029 daAuts
  Lair:4: 1867 daAuts
     D:8: 1765 daAuts
    D:14: 1663 daAuts
  Lair:3: 1654 daAuts
   Orc:2: 1589 daAuts
Spider:3: 1548 daAuts
     D:5: 1509 daAuts
  Lair:1: 1460 daAuts
